 Dungeon Crawl Stone Soup version 0.30.1-9-gdf580d7c3d (webtiles) character file.

Game seed: 10918722342038904244

193 MacCMillion the Chopper (level 5, -4/45 HPs)
             Began as a Ghoul Fighter on Oct 20, 2023.
             Slain by a gnoll sergeant
             ... wielding a +3 trident of protection
              (10 damage)
             ... on level 4 of the Dungeon.
             The game lasted 00:04:20 (3196 turns).

MacCMillion the Chopper (Ghoul Fighter)             Turns: 3196, Time: 00:04:21

Health: -4/45      AC: 13    Str: 22    XL:     5   Next: 72%
Magic:  4/4        EV:  6    Int:  3    God:
Gold:   135        SH:  4    Dex:  8    Spells: 4/4 levels left

rFire   . . .        a - +0 war axe
rCold   + + .        c - +0 buckler
rNeg    + + +        w - +0 plate armour
rPois   ∞            (no helmet)
rElec   .            s - +0 cloak
rCorr   .            p - +0 pair of gloves
SInv    .            (no boots)
Will    .....        (no amulet) Stlth
                     l - ring of protection from cold
HPRegen 0.00/turn    (no ring)
MPRegen 0.09/turn

%: no passive effects
@: inhibited regen
A: claws 1, cold resistance 1, negative energy resistance 3, inhibited
regeneration, torment resistance 2, devour on kill
a: no special abilities


You were on level 4 of the Dungeon.
You visited 1 branch of the dungeon, and saw 4 of its levels.

You collected 135 gold pieces.

Inventory:

Hand Weapons
 a - a +0 war axe (weapon)
 u - a +1 whip of venom
Missiles
 h - a throwing net (quivered)
 i - 2 datura-tipped darts
 k - 6 boomerangs
Armour
 c - a +0 buckler (worn)
 p - a +0 pair of gloves (worn)
 s - a +0 cloak (worn)
 w - a +0 plate armour (worn)
Jewellery
 l - a ring of protection from cold (left hand)
Scrolls
 j - 5 scrolls of identify {unknown}
 n - a scroll of brand weapon {unknown}
 r - a scroll of enchant armour {unknown}
 t - a scroll of noise {unknown}
Potions
 d - 3 potions of might
 e - 2 potions of curing {unknown}
 f - 2 potions of heal wounds {unknown}
 g - a potion of resistance {unknown}
 m - a potion of magic {unknown}
 o - a potion of mutation {unknown}
 q - a potion of brilliance {unknown}
 v - a potion of haste {unknown}


   Skills:
 - Level 3.2 Fighting
 + Level 4.3 Axes
 - Level 2.6 Armour
 - Level 4.0 Shields


You had 4 spell levels left.
You didn't know any spells.
Your spell library contained the following spells:

 Spells                   Type           Power      Damage    Failure   Level
 Summon Guardian Golem    Hex/Summ       0%         N/A       100%        3
 Orb of Destruction       Conj           0%         9d5       100%        7
 Spellforged Servitor     Conj/Summ      0%         N/A       100%        7


Dungeon Overview and Level Annotations

Branches:
Dungeon (4/15)
 Temple: D:4-7

Altars:
Hepliaklqana
Yredelemnul


Innate Abilities, Weirdness & Mutations

You are immune to poison.
You have sharp fingernails.
Your flesh is cold resistant. (rC+)
You are immune to negative energy. (rN+++)
You do not regenerate when monsters are visible.
You are immune to unholy pain and torment.
You thrive by killing the living.


Message History

The gnoll sergeant hits you with a +3 trident of protection!
You hit the gnoll sergeant but do no damage.
The gnoll sergeant is heavily wounded.
You block the gnoll sergeant's attack.
You closely miss the gnoll sergeant.
The gnoll sergeant is heavily wounded.
The gnoll sergeant hits you with a +3 trident of protection.
* * * LOW HITPOINT WARNING * * *
The gnoll sergeant hits you from afar with a +3 trident of protection.
* * * LOW HITPOINT WARNING * * *
There is a stone staircase leading up here.
The gnoll sergeant barely misses you.
You climb upwards.
There is a stone staircase leading down here.
You start resting.
HP restored.
You climb downwards.
There is a stone staircase leading up here.
You start waiting.
A gnoll sergeant is nearby!
The gnoll sergeant hits you with a +3 trident of protection!
You hit the gnoll sergeant.
The gnoll sergeant is moderately wounded.
You block the gnoll sergeant's attack.
You hit the gnoll sergeant.
The gnoll sergeant is heavily wounded.
The gnoll sergeant hits you with a +3 trident of protection!
You hit the gnoll sergeant.
The gnoll sergeant is heavily wounded.
The gnoll sergeant hits you with a +3 trident of protection!
The gnoll sergeant hits you with a +3 trident of protection.
You barely miss the gnoll sergeant.
The gnoll sergeant is heavily wounded.
The gnoll sergeant completely misses you.
You slash the gnoll sergeant!
The gnoll sergeant is almost dead.
The gnoll sergeant hits you with a +3 trident of protection!
* * * LOW HITPOINT WARNING * * *
The gnoll sergeant hits you from afar with a +3 trident of protection!
You die...

..# .### ####. .. ....
#.... .# . ?PP.. ####...##
#.# .. ..P..
#.......###..##... ...P..
... #..##........
......##.###..#.......##
.......).##...).<......# ..
...P....(......@......###..
.P......###...............#
.....#### ##.g....#.......#
.... ##...............#.
... #......#.............
..
.........###..............
. ........##
##............. #.......##
#.......... ...
#(.#......##...##...### ..


You could see a gnoll sergeant.

Vanquished Creatures
  2 orc priests (D:4)
  3 gnolls
  4 adders
  A worm (D:4)
  3 dart slugs
  3 orcs
  3 endoplasms (D:1)
  5 giant cockroaches
  3 goblins
  3 hobgoblins
  3 jackals
  6 quokkas
  5 ball pythons
  6 bats
  2 frilled lizards (D:1)
  8 kobolds
  2 rats (D:2)
62 creatures vanquished.

Notes
Turn   | Place    | Note
-------+----------+-------------------------------------------
     0 | D:1      | MacCMillion the Ghoul Fighter began the quest for the Orb.
     0 | D:1      | Reached XP level 1. HP: 19/19 MP: 0/0
   173 | D:1      | Found a faded altar of an unknown god.
   196 | D:1      | Reached XP level 2. HP: 26/26 MP: 1/1
   744 | D:1      | Reached XP level 3. HP: 31/31 MP: 2/2
  1147 | D:2      | Found a basalt altar of Yredelemnul.
  1476 | D:3      | Reached XP level 4. HP: 38/38 MP: 3/3
  1537 | D:3      | Identified the +6 dagger "Gixur" {pain, rF+ rC+ rN+}
  1857 | D:3      | Found a hazy altar of Hepliaklqana.
  2459 | D:4      | Reached XP level 5. HP: 44/45 MP: 4/4
  3196 | D:4      | Slain by a gnoll sergeant

Illustrated notes

Levels and vault maps discovered:
D:1:      lightli_arrival_noodles, layout_basic,
          nicolae_ecumenical_snake_handling
D:2:      layout_basic, basic_altar
D:3:      layout_loops_ring, worldfamousw_hep_ancestral_shrine, zin_scriptorium,
          minmay_misc_feat_room, st_stairs_14, chequers_garden
D:4:      layout_cave_pools, nicolae_grassy_gnolls

Skill      XL: |  1  2  3  4  5 |
---------------+----------------+-----
Axes           | 2 3 4 |  4.3
Shields        | 3 4 |  4.0
Fighting       | |  3.2
Armour         | |  2.6

Action                     |  1- 3 |  4- 6 || total
---------------------------+-------+-------++-------
  Melee: War axe           |    72 |   110 ||   182
         Whip              |       |     1 ||     1
 Armour: Scale mail        |    42 |    26 ||    68
         Plate armour      |       |    40 ||    40
  Dodge: Dodged            |    46 |    53 ||    99
  Block: Buckler           |    14 |    24 ||    38
